 Dungeon Crawl Stone Soup version 0.26-a0-808-g930a2b7adc (webtiles) character file.

Game seed: 11796047229489209001

52 1994 the Skirmisher (level 3, -9/37 HPs)
             Began as an Ogre Brigand on Nov 12, 2020.
             Mangled by a water moccasin (10 damage)
             ... in a sewer.
             The game lasted 00:06:21 (1632 turns).

1994 the Skirmisher (Ogre Brigand)                  Turns: 1632, Time: 00:06:22

Health: -9/37      AC:  6    Str: 12 (15) XL:     3   Next: 85%
Magic:  3/3        EV:  9    Int:  9 (12) God:
Gold:   100        SH:  0    Dex:  8 (11) Spells: 2/2 levels left

rFire    + . .     SeeInvis +   n - +0 mace
rCold    + . .     Faith    .   (no shield)
rNeg     . . .     Spirit   .   b - +0 robe
rPois    +         Reflect  .   q - +2 hat
rElec    +         Harm     .   c - +0 cloak
rCorr    +         Rampage  .   (gloves unavailable)
MR       .....                  (boots unavailable)
Stlth    ++........             (no amulet)
HPRegen  0.12/turn              s - ring of see invisible
MPRegen  0.08/turn              (no ring)

@: lethally poisoned (-9 -> -11), resistant
A: large, unfitting armour, tough skin 1
a: no special abilities


You were in a sewer.
You visited 1 branch of the dungeon, and saw 3 of its levels.
You also visited: Sewer.

You collected 100 gold pieces.

Inventory:

Hand Weapons
 a - a +2 dagger
 h - a +0 club
 n - a +0 mace (weapon)
Missiles
 d - 8 poisoned darts (quivered)
 e - 2 curare-tipped darts
 m - 56 stones
Armour
 b - a +0 robe (worn)
 c - a +0 cloak (worn)
 q - a +2 hat (worn)
Jewellery
 s - a ring of see invisible (left hand)
Scrolls
 g - a scroll of teleportation
 k - a scroll of remove curse
 l - a scroll of immolation {unknown}
 p - a scroll of enchant weapon {unknown}
Potions
 j - a potion of ambrosia
 r - a potion of lignification
 u - 2 potions of heal wounds


   Skills:
 + Level 3.4 Fighting
 - Level 1.7 Short Blades
 * Level 1.8 Maces & Flails
 + Level 2.5 Throwing
 - Level 1.4 Dodging
 - Level 2.9 Stealth


You had 2 spell levels left.
You didn't know any spells.
Your spell library was empty.

Dungeon Overview and Level Annotations

Branches:
Dungeon (3/15)              Sewer (1/1)

Altars:
Yredelemnul
Zin


Innate Abilities, Weirdness & Mutations

You are too large for most types of armour.
You have tough skin. (AC +1)


Message History

The water moccasin is almost dead.
The water moccasin bites you but does no damage. x2
You miss the water moccasin.
The water moccasin is almost dead.
You feel sick.
The water moccasin bites you but does no damage.
The water moccasin bites you.
* * * LOW HITPOINT WARNING * * *
You closely miss the water moccasin.
The water moccasin is almost dead.
The water moccasin bites you but does no damage. x2
You closely miss the water moccasin.
The water moccasin is almost dead.
You feel less wooden.
Your +0 cloak unmelds from your body.
Your +2 hat unmelds from your body.
Your +0 robe unmelds from your body.
You feel sick. The water moccasin bites you.
* * * LOW HITPOINT WARNING * * *
The water moccasin bites you!
You die...

#...#...#
#..###≈≈##
#..≈#
#≈..#
#.≈##
##..# #..
#..# #.≈
#≈.# #≈.
##..#
#...#
##@.##
#.S.#
#.≈.≈.##
#≈..≈.#
##...##
#≈≈.#
.#≈#≈ ![#.
$ ##### #


You could see a water moccasin.

Vanquished Creatures
  2 adders
  A worm (D:3)
  A ball python (D:3)
  5 bats
  A giant cockroach (D:3)
  4 goblins
  2 hobgoblins (D:1)
  6 jackals
  5 kobolds
  4 rats
31 creatures vanquished.

Notes
Turn   | Place    | Note
-------+----------+-------------------------------------------
     0 | D:1      | 1994 the Ogre Brigand began the quest for the Orb.
     0 | D:1      | Reached XP level 1. HP: 22/22 MP: 1/1
    50 | D:1      | Reached skill level 1 in Dodging
   227 | D:1      | Reached XP level 2. HP: 29/29 MP: 2/2
   955 | D:2      | Found a basalt altar of Yredelemnul.
   988 | D:2      | Reached skill level 3 in Fighting
  1011 | D:2      | Reached skill level 1 in Maces & Flails
  1128 | D:2      | Reached XP level 3. HP: 32/37 MP: 3/3
  1170 | D:2      | Found a faded altar of an unknown god.
  1170 | D:2      | Found a glowing silver altar of Zin.
  1230 | D:2      | You fall into a shaft and drop 1 floor!
  1451 | D:3      | Found a glowing drain.
  1485 | Sewer    | Entered a sewer
  1605 | Sewer    | Noticed a water moccasin
  1632 | Sewer    | HP: 1/37 [water moccasin (4)]
  1632 | Sewer    | Mangled by a water moccasin

Illustrated notes

Levels and vault maps discovered:
D:1:      wheals_arrival_linesprint, layout_loops_ring
D:2:      layout_loops_cross, nicolae_overflow_crystal_walls, vehumet_crystals,
          overflow_temple_1_default, chequers_ecumenical_altar_simple_redux,
          uniq_sigmund
D:3:      layout_basic, tgw_sif, makhleb_heckhound_becter, portal_sewer_entry_b
Sewer:    sewer_the_moccasin

Skill      XL: |  1  2 |
---------------+-------+-----
Dodging        | 1 |  1.4
Fighting       | 3 |  3.4
Maces & Flails | 1 |  1.8
Short Blades   | |  1.7
Throwing       | |  2.5
Stealth        | |  2.9

Action                   || total
-------------------------++-------
Melee: Dagger            ||   114
       Mace              ||    21
Throw: Stone             ||     7
       Dart              ||     6
  Use: Scroll            ||     4
       Potion            ||     4
 Stab: Sleeping          ||     4
Armor: Robe              ||    46
       Skin              ||    26
Dodge: Dodged            ||    64

Table legend: (Time is in decaauts)
 A = Elapsed time spent in this place.
 B = Non-inter-level travel time spent in this place.
 C = Inter-level travel time spent in this place.
 D = Time resting spent in this place.
 E = Time spent auto-exploring this place.
 F = Levels seen in this place.
 G = Mean time per level.
                   A        B        C        D        E       F      G
               +--------+--------+--------+--------+--------+-----+--------+
         Total |   1635 |   1574 |     61 |    227 |    736 |   4 |  408.8 |
       Dungeon |   1479 |   1418 |     61 |    208 |    736 |   3 |  493.0 |
         Sewer |    155 |    155 |      0 |     19 |      0 |   1 |  155.0 |
               +--------+--------+--------+--------+--------+-----+--------+

Top non-repeatable levels by time:
     D:1: 941 daAuts
     D:2: 295 daAuts
     D:3: 242 daAuts
   Sewer: 155 daAuts
